 Dungeon Crawl Stone Soup version 0.28-a0-477-g0b43c73ce0 (webtiles) character file.

Game seed: 12461827424592578613

4881 Dabor the Quickloader (level 10, -13/76 HPs)
             Began as a Gnoll Wanderer on Sept 17, 2021.
             Was a High Priest of Fedhas.
             Killed from afar by a steam dragon (22 damage)
             ... with a ball of steam
             ... on level 7 of the Dungeon.
             The game lasted 00:27:26 (8069 turns).

Dabor the Quickloader (Gnoll Wanderer)              Turns: 8069, Time: 00:27:27

Health: -13/76     AC:  3    Str:  8    XL:     10   Next: 50%
Magic:  21/21      EV: 13    Int: 12    God:    Fedhas [*****.]
Gold:   417        SH: 11    Dex: 20    Spells: 23/23 levels left

rFire   . . .      SeeInvis .   M - +5 hand axe (freeze)
rCold   . . .      Faith    .   S - +0 kite shield of Fedhas's Felicitations {rPois Dex+2}
rNeg    . . .      Spirit   .   (no armour)
rPois   +          Reflect  .   (no helmet)
rElec   .          Harm     +   t - scarf {harm}
rCorr   .          Rampage  .   s - +2 pair of gloves {archery}
Will    .....                   (no boots)
Stlth   +++.......              y - amulet of magic regeneration
HPRegen 0.22/turn               n - +4 ring of slaying
MPRegen 0.42/turn               G - ring of poison resistance

@: no status effects
A: fangs 1, strong nose, distributed training
a: Renounce Religion, Wall of Briars, Grow Ballistomycete, Overgrow, Grow Oklob


You were on level 7 of the Dungeon.
You worshipped Fedhas.
Fedhas was extremely pleased with you.
You visited 1 branch of the dungeon, and saw 7 of its levels.
You also visited: Ossuary.

You collected 417 gold pieces.

Inventory:

Hand Weapons
 a - a +3 hand crossbow of venom
 M - a +5 hand axe of freezing (weapon)
 N - a +3 dagger of holy wrath
 O - a +0 shortbow
Missiles
 b - 5 bolts
 d - 21 poisoned darts (quivered)
 e - a curare-tipped dart
 o - 2 throwing nets
 P - 57 arrows
 R - 6 atropa-tipped darts
Armour
 q - a +1 scale mail of cold resistance
 s - a +2 pair of gloves of archery (worn)
 t - a scarf of harm (worn)
 C - a +0 kite shield
 S - the +0 kite shield of Fedhas's Felicitations (worn) {rPois Dex+2}
   (You found it on level 7 of the Dungeon)

   Dex:       It affects your dexterity (+2).
   rPois:     It protects you from poison.
 T - a +0 troll leather armour
Jewellery
 i - a ring of willpower
 n - a +4 ring of slaying (left hand)
 p - a ring of see invisible
 v - a ring of wizardry
 x - a ring of protection from fire
 y - an amulet of magic regeneration (around neck)
 G - a ring of poison resistance (right hand)
 H - a ring of fire
Wands
 f - a wand of iceblast (3)
 L - a wand of flame (35)
 Q - a wand of digging (4)
Scrolls
 k - 2 scrolls of teleportation
 l - 3 scrolls of fog
 u - 3 scrolls of enchant weapon
 B - 2 scrolls of amnesia
 I - 2 scrolls of fear {unknown}
 J - 4 scrolls of identify
 U - a scroll of brand weapon
Potions
 c - a potion of magic {unknown}
 g - a potion of lignification {unknown}
 h - a potion of experience
 j - 2 potions of attraction
 m - a potion of mutation
 r - 3 potions of brilliance
 w - 2 potions of flight
 z - 2 potions of might
 A - 2 potions of berserk rage
 D - 4 potions of haste
 E - a potion of invisibility {unknown}
 F - 2 potions of curing
 K - a potion of degeneration {unknown}


   Skills:
 + Level 6.0 Fighting
 + Level 5.3 Short Blades
 + Level 5.3 Long Blades
 + Level 5.3 Axes
 + Level 5.3 Maces & Flails
 + Level 5.3 Polearms
 + Level 5.3 Staves
 + Level 5.3 Slings
 + Level 5.3 Bows
 + Level 8.5 Crossbows
 + Level 6.0 Throwing
 + Level 6.0 Armour
 + Level 5.3 Dodging
 + Level 5.3 Stealth
 + Level 6.0 Shields
 + Level 5.3 Unarmed Combat
 + Level 7.4 Spellcasting
 + Level 4.4 Conjurations
 + Level 4.4 Hexes
 + Level 4.4 Summonings
 + Level 4.4 Necromancy
 + Level 5.0 Translocations
 + Level 4.4 Transmutations
 + Level 4.4 Fire Magic
 + Level 4.4 Ice Magic
 + Level 4.4 Air Magic
 + Level 4.4 Earth Magic
 + Level 4.4 Poison Magic
 + Level 5.9 Invocations
 + Level 5.3 Evocations


You had 23 spell levels left.
You didn't know any spells.
Your spell library contained the following spells:

 Spells                   Type           Power      Damage    Failure   Level
 Dazzling Flash           Conj/Hex       30%        N/A       24%         3
 Ignite Poison            Fire/Tmut/Pois 15%        N/A       24%         3
 Mephitic Cloud           Conj/Pois/Air  15%        N/A       24%         3
 Agony                    Necr           15%        N/A       92%         5
 Freezing Cloud           Conj/Ice/Air   7%         6-21      92%         5
 Silence                  Hex/Air        7%         N/A       92%         5


Dungeon Overview and Level Annotations

Branches:
Dungeon (7/15)             Temple (0/1) D:4         Ossuary (visited)

Altars:
Elyvilon
Fedhas
Hepliaklqana
Kikubaaqudgha
Qazlal
Ru
Trog
Uskayaw


Innate Abilities, Weirdness & Mutations

You have very sharp teeth.
Your uncanny sense of smell can sniff out nearby items.
Your experience applies equally to all skills.


Message History

d - 18 poisoned darts (gained 2)
d - 19 poisoned darts (gained 1)
d - 22 poisoned darts (gained 3)
d - 26 poisoned darts (gained 4)
You open the door.
There is an open door here.
Found a scroll of brand weapon.
Found a stone staircase leading down.
U - a scroll of brand weapon A steam dragon is nearby!
You throw a poisoned dart.
The poisoned dart hits the steam dragon!
The steam dragon is poisoned.
The steam dragon hisses angrily.
You throw a poisoned dart.
The poisoned dart hits the steam dragon.
You throw a poisoned dart.
The poisoned dart hits the steam dragon!
The steam dragon looks as sick as possible!
The steam dragon is lightly wounded.
You throw a poisoned dart.
The poisoned dart barely misses the steam dragon.
The steam dragon breathes steam at you. The ball of steam hits you!
You throw a poisoned dart.
The poisoned dart hits the steam dragon!
The steam dragon looks as sick as possible!
The steam dragon is heavily wounded.
You are engulfed in a cloud of scalding steam.
You hit the steam dragon. You freeze the steam dragon.
The steam dragon is almost dead.
You are engulfed in a cloud of scalding steam.
The steam dragon breathes steam at you. The ball of steam hits you!!
* * * LOW HITPOINT WARNING * * *
The steam dragon closely misses you. You block the steam dragon's attack.
The steam dragon breathes steam at you. The ball of steam hits you!!
You die...
Fedhas appreciates your contribution to the ecosystem.

##........# #.
.#.#......###.#####
##†..............>####
..###.....###........#
#...#...#.###........#
..###...#..##........#
##......#..##.)...§..#
.#.#....#...#.D.§.§§.#
##........#+#(.§@.§§.#
..###.+###.((........#
#.###..# #(.[........#
..##..## #...........#
.....## #....###'####
(....# #....# #.#
.....# #....# #.#
....## #....# #.#
....# #....###.#


You could see a steam dragon (extremely poisoned, catching breath).

Vanquished Creatures
  A troll (D:7)
  A steam dragon (D:7)
  3 vampire mosquitoes
  An acid dragon (D:6)
  A water moccasin (D:6)
  Duvessa (D:7)
  An orc warrior (D:7)
  A necrophage (D:3)
  2 sky beasts
  2 centaurs (D:7)
  2 phantoms
  2 kobold brigands
  A wyvern zombie (Ossuary)
  2 bullfrogs
  2 gnoll sergeants
  2 scorpions
  2 water moccasin zombies (Ossuary)
  2 wyvern skeletons (D:7)
  Dowan (D:7)
  A water moccasin skeleton (D:5)
  6 killer bees (D:7)
  4 wights (D:6)
  2 howler monkeys
  5 bullfrog zombies
  9 centaur zombies
  2 hounds
  2 orc priests
  3 bullfrog skeletons
  2 gnoll shamans
  A jelly (D:7)
  3 centaur skeletons
  2 iguanas (D:7)
  Terence (D:2)
  10 orc wizards
  2 killer bee zombies (Ossuary)
  13 mummies (Ossuary)
  2 howler monkey zombies (Ossuary)
  7 adders
  18 gnolls
  A howler monkey skeleton (D:7)
  2 white imps
  4 worms
  A dart slug (D:3)
  25 orcs
  An endoplasm (D:3)
  A giant cockroach (D:4)
  2 goblins (D:2)
  7 hobgoblins
  3 jackals (D:1)
  19 kobolds
  A quokka (D:5)
  4 ball pythons
  A bat (D:1)
  3 frilled lizards (D:1)
  4 rats
204 creatures vanquished.

Vanquished Creatures (collateral kills)
  5 ballistomycete spores
5 creatures vanquished.

Vanquished Creatures (others)
  A plant (D:5)
  7 withered plants (Ossuary)
8 creatures vanquished.

Grand Total: 217 creatures vanquished

Notes
Turn   | Place    | Note
-------+----------+-------------------------------------------
     0 | D:1      | Dabor the Gnoll Wanderer began the quest for the Orb.
     0 | D:1      | Dabor set off with the following items: a +2 hand crossbow,
                  | 23 bolts, a +0 mace, 10 poisoned darts, a +0 dagger, a +0
                  | robe
     0 | D:1      | Reached XP level 1. HP: 17/17 MP: 6/6
   464 | D:1      | Reached XP level 2. HP: 23/23 MP: 7/7
   525 | D:1      | Found a faded altar of an unknown god.
   847 | D:1      | Became a worshipper of Fedhas Madash
   847 | D:1      | Reached * piety under Fedhas
   991 | D:2      | Reached XP level 3. HP: 11/28 MP: 9/9
  1209 | D:2      | Reached skill level 5 in Spellcasting
  1342 | D:2      | Reached skill level 1 in Invocations
  1531 | D:2      | Noticed Terence
  1540 | D:2      | Killed Terence
  1541 | D:2      | Reached skill level 1 in Short Blades
  1541 | D:2      | Reached skill level 1 in Long Blades
  1541 | D:2      | Reached skill level 1 in Axes
  1541 | D:2      | Reached skill level 1 in Maces & Flails
  1541 | D:2      | Reached skill level 1 in Polearms
  1541 | D:2      | Reached skill level 1 in Staves
  1541 | D:2      | Reached skill level 1 in Slings
  1541 | D:2      | Reached skill level 1 in Bows
  1541 | D:2      | Reached skill level 1 in Dodging
  1541 | D:2      | Reached skill level 1 in Stealth
  1541 | D:2      | Reached skill level 1 in Unarmed Combat
  1541 | D:2      | Reached skill level 1 in Evocations
  1541 | D:2      | Reached XP level 4. HP: 25/34 MP: 11/11
  1700 | D:2      | You fall into a shaft and drop 2 floors!
  1952 | D:3      | Reached skill level 1 in Conjurations
  1952 | D:3      | Reached skill level 1 in Hexes
  1952 | D:3      | Reached skill level 1 in Summonings
  1952 | D:3      | Reached skill level 1 in Necromancy
  1952 | D:3      | Reached skill level 1 in Transmutations
  1952 | D:3      | Reached skill level 1 in Fire Magic
  1952 | D:3      | Reached skill level 1 in Ice Magic
  1952 | D:3      | Reached skill level 1 in Air Magic
  1952 | D:3      | Reached skill level 1 in Earth Magic
  1952 | D:3      | Reached skill level 1 in Poison Magic
  2032 | D:3      | Noticed a necrophage
  2037 | D:3      | Killed a necrophage
  2037 | D:3      | Reached ** piety under Fedhas
  2038 | D:3      | Reached XP level 5. HP: 39/41 MP: 12/12
  2084 | D:3      | Reached XP level 6. HP: 47/47 MP: 13/13
  2172 | D:3      | Found a sacrificial altar of Ru.
  2173 | D:3      | Found a stormy altar of Qazlal.
  2173 | D:3      | Found an ancient bone altar of Kikubaaqudgha.
  2174 | D:3      | Found a hide-covered altar of Uskayaw.
  2174 | D:3      | Found a bloodstained altar of Trog.
  2769 | D:4      | Found a staircase to the Ecumenical Temple.
  2864 | D:4      | Found a hazy altar of Hepliaklqana.
  3271 | D:5      | Entered Level 5 of the Dungeon
  3344 | D:5      | Reached XP level 7. HP: 45/52 MP: 15/15
  3725 | D:5      | Reached skill level 7 in Crossbows
  3769 | D:5      | Found a white marble altar of Elyvilon.
  3807 | D:5      | Found a sand-covered staircase.
  3816 | Ossuary  | Entered an ossuary
  3824 | Ossuary  | Reached *** piety under Fedhas
  3903 | Ossuary  | Reached XP level 8. HP: 44/60 MP: 16/16
  4879 | D:6      | Reached **** piety under Fedhas
  5417 | D:6      | Reached XP level 9. HP: 66/66 MP: 18/18
  6023 | D:6      | Reached skill level 5 in Fighting
  6023 | D:6      | Reached skill level 5 in Throwing
  6023 | D:6      | Reached skill level 5 in Armour
  6023 | D:6      | Reached skill level 5 in Shields
  6328 | D:6      | Reached skill level 8 in Crossbows
  6552 | D:7      | Reached skill level 5 in Invocations
  6656 | D:7      | Noticed Dowan
  6657 | D:7      | Killed Dowan
  6658 | D:7      | Noticed Duvessa
  6665 | D:7      | Killed Duvessa
  6666 | D:7      | Reached XP level 10. HP: 59/74 MP: 20/20
  6723 | D:7      | Identified the +0 kite shield of Fedhas's Felicitations
                  | {rPois Dex+2}
  6761 | D:7      | Reached ***** piety under Fedhas
  6778 | D:7      | Reached skill level 5 in Short Blades
  6778 | D:7      | Reached skill level 5 in Long Blades
  6778 | D:7      | Reached skill level 5 in Axes
  6778 | D:7      | Reached skill level 5 in Maces & Flails
  6778 | D:7      | Reached skill level 5 in Polearms
  6778 | D:7      | Reached skill level 5 in Staves
  6778 | D:7      | Reached skill level 5 in Slings
  6778 | D:7      | Reached skill level 5 in Bows
  6778 | D:7      | Reached skill level 5 in Dodging
  6778 | D:7      | Reached skill level 5 in Stealth
  6778 | D:7      | Reached skill level 5 in Unarmed Combat
  6778 | D:7      | Reached skill level 5 in Evocations
  8011 | D:7      | Reached skill level 5 in Translocations
  8069 | D:7      | Killed from afar by a steam dragon

Illustrated notes

Levels and vault maps discovered:
D:1:      lemuel_arrival_hallway, layout_basic,
          ebering_ecumenical_altar_petrified, chequers_serial_rivers_large_b,
          hex_intersection, chequers_arboretum, minivault_19
D:2:      layout_loops_cross, uniq_terence
D:3:      layout_rooms, grunt_temple_overflow_open, kennysheep_generic_room_11
D:4:      layout_basic, overflow_temple_1_default,
          minmay_temple_entry_drinking_statues, sigmund_army
D:5:      layout_loops_ring, nicolae_elyvilon_temple_path,
          lightli_ossuary_entry_decrepit_ruins, chequers_serial_rivers_micro_c
D:6:      minmay_razor_zed, layout_loops_corners, minmay_three_doors
D:7:      minmay_opposing_rooms, layout_basic,
          amcnicky_mini_rare_corridor_liquid, minivault_25, minmay_starry_boxes,
          uniq_duvessa

Skill      XL: |  1  2  3  4  5  6  7  8  9 10 |
---------------+-------------------------------+-----
Translocations | 2 3 4 5 |  5.0
Spellcasting   | 5 6 7 |  7.4
Invocations    | 1 2 3 4 5 |  5.9
Short Blades   | 1 2 3 4 5 |  5.3
Long Blades    | 1 2 3 4 5 |  5.3
Axes           | 1 2 3 4 5 |  5.3
Maces & Flails | 1 2 3 4 5 |  5.3
Polearms       | 1 2 3 4 5 |  5.3
Staves         | 1 2 3 4 5 |  5.3
Slings         | 1 2 3 4 5 |  5.3
Bows           | 1 2 3 4 5 |  5.3
Dodging        | 1 2 3 4 5 |  5.3
Stealth        | 1 2 3 4 5 |  5.3
Unarmed Combat | 1 2 3 4 5 |  5.3
Evocations     | 1 2 3 4 5 |  5.3
Conjurations   | 1 2 3 4 |  4.4
Hexes          | 1 2 3 4 |  4.4
Summonings     | 1 2 3 4 |  4.4
Necromancy     | 1 2 3 4 |  4.4
Transmutations | 1 2 3 4 |  4.4
Fire Magic     | 1 2 3 4 |  4.4
Ice Magic      | 1 2 3 4 |  4.4
Air Magic      | 1 2 3 4 |  4.4
Earth Magic    | 1 2 3 4 |  4.4
Poison Magic   | 1 2 3 4 |  4.4
Fighting       | 3 4 5 6 |  6.0
Throwing       | 3 4 5 6 |  6.0
Armour         | 3 4 5 6 |  6.0
Shields        | 3 4 5 6 |  6.0
Crossbows      | 7 8 |  8.5

Action                   |  1- 3 |  4- 6 |  7- 9 | 10-12 || total
-------------------------+-------+-------+-------+-------++-------
Melee: Hand crossbow     |       |     2 |     7 |       ||     9
       Bite              |       |     1 |       |     7 ||     8
       Hand axe          |       |       |       |    79 ||    79
 Fire: Hand crossbow     |    58 |    66 |   214 |    19 ||   357
Throw: Dart              |       |    13 |    21 |    28 ||    62
       Throwing net      |       |     1 |       |       ||     1
Invok: Grow Ballistomyce |       |       |     1 |     1 ||     2
Evoke: Wand              |       |     1 |     3 |       ||     4
  Use: Scroll            |     7 |     3 |    11 |     1 ||    22
       Potion            |       |       |       |     1 ||     1
 Stab: Sleeping          |       |       |       |     1 ||     1
Armor: Robe              |     2 |       |       |       ||     2
       Scale mail        |       |    21 |    72 |    16 ||   109
       Skin              |       |       |       |     4 ||     4
Dodge: Dodged            |     4 |    13 |    47 |    39 ||   103
Block: Kite shield       |       |       |       |    47 ||    47

Table legend: (Time is in decaauts)
 A = Elapsed time spent in this place.
 B = Non-inter-level travel time spent in this place.
 C = Inter-level travel time spent in this place.
 D = Time resting spent in this place.
 E = Time spent auto-exploring this place.
 F = Levels seen in this place.
 G = Mean time per level.
                   A        B        C        D        E       F      G
               +--------+--------+--------+--------+--------+-----+--------+
         Total |   8193 |   7916 |    277 |    660 |   5159 |   8 | 1024.1 |
       Dungeon |   7557 |   7280 |    277 |    660 |   4845 |   7 | 1079.6 |
       Ossuary |    636 |    636 |      0 |      0 |    313 |   1 |  636.0 |
               +--------+--------+--------+--------+--------+-----+--------+

Top non-repeatable levels by time:
     D:6: 1877 daAuts
     D:7: 1555 daAuts
     D:2: 999 daAuts
     D:1: 891 daAuts
     D:4: 829 daAuts
     D:5: 811 daAuts
 Ossuary: 636 daAuts
     D:3: 592 daAuts
